 Dungeon Crawl Stone Soup version 0.30.1-3-gfc49f6343a (webtiles) character file.

Game seed: 7091343512783093059

26 hawla the Firebug (level 3, -3/26 HPs)
             Began as a Meteoran Fire Elementalist on July 22, 2023.
             Slain by a goblin
             ... wielding a +0 club
             ... led by Robin
              (5 damage)
             ... on level 2 of the Dungeon.
             The game lasted 00:01:34 (157 turns).

hawla the Firebug (Meteoran Fire Elementalist)       Turns: 157, Time: 00:01:35

Health: -3/26      AC:  2    Str:  9    XL:     3   Next: 41%
Magic:  4/8        EV: 12    Int: 19    God:
Gold:   42         SH:  0    Dex: 14    Spells: 5/8 levels left

rFire   . . .        c - +0 whip
rCold   . . .        (no shield)
rNeg    . . .        a - +0 robe
rPois   .            (no helmet)
rElec   .            (no cloak)
rCorr   .            (no gloves)
SInv    .            (no boots)
Will    .....        (no amulet)
Stlth   +            (no ring)
HPRegen 0.24/turn    (no ring)
MPRegen 0.11/turn

%: no passive effects
@: glowing
A: sense surroundings 1, otherworldly, glowing, explore regen
a: no special abilities


You were on level 2 of the Dungeon.
You visited 1 branch of the dungeon, and saw 2 of its levels.

You collected 42 gold pieces.

Inventory:

Hand Weapons
 c - a +0 whip (weapon)
Armour
 a - a +0 robe (worn)


   Skills:
 + Level 2.5 Dodging
 - Level 1.4 Stealth
 + Level 3.1 Spellcasting
 + Level 1.3 Conjurations
 + Level 4.7 Fire Magic


You had 5 spell levels left.
You knew the following spells:

 Your Spells              Type           Power      Damage    Failure   Level
a - Foxfire               Conj/Fire      56%        2x1d6     4%          1
b - Scorch                Fire           40%        2d6       3%          2

Your spell library contained the following spells:

 Spells                   Type           Power      Damage    Failure   Level
 Inner Flame              Hex/Fire       11%        N/A       17%         3
 Volatile Blastmotes      Fire/Tloc      22%        2d11      17%         3
 Flame Wave               Conj/Fire      14%        2d6       41%         4


Dungeon Overview and Level Annotations

Branches:
Dungeon (2/15) Zot: 1042

Altars:

Annotations:
D:2 Robin


Innate Abilities, Weirdness & Mutations

You passively map a small area around you.
You are easily found by Zot.
You glow in the dark.
You regain HP and MP as you explore.


Message History

Found a stone staircase leading down.
Your foxfire dissipates!
You see here a +0 dagger.
Found 12 gold pieces.
You now have 30 gold pieces (gained 13).
You now have 42 gold pieces (gained 12).
You see here a +0 dagger.
Magic restored.
There is a stone staircase leading down here.
You climb downwards.
Level annotation: Robin The goblin hits you but does no damage.
The hobgoblin misses you. The hobgoblin hits you.
Robin roars a battlecry!
The goblins go into a battle-frenzy!
The goblin hits you with a +0 club.
There is a stone staircase leading up here.
Casting: Foxfire (safe; 4% risk of failure)
Confirm with . or Enter, or press ? or * to list all spells.
You conjure some foxfire!
The goblin hits you with a +0 club. The hobgoblin hits you.
Robin barely misses you.
The foxfire hits the goblin.
You kill the goblin!
Casting: Foxfire (safe; 4% risk of failure)
Confirm with . or Enter, or press ? or * to list all spells.
Flames lash the hobgoblin.
The hobgoblin is severely wounded.
The hobgoblin's fire resistance burns away.
The foxfire hits Robin.
Robin is moderately wounded.
The goblin hits you but does no damage.
Robin hits you from afar with a +0 trident.
The hobgoblin closely misses you.
Casting: Scorch (safe; 3% risk of failure)
Confirm with . or Enter, or press ? or * to list all spells.
You conjure some foxfire!
The hobgoblin hits you.
* * * LOW HITPOINT WARNING * * *
Robin hits you from afar with a +0 trident.
* * * LOW HITPOINT WARNING * * *
The goblin hits you with a +0 club.
You die...

*,### * .. #. #.#.. g
.>. , ** #.#.# .#.#..
,* * #.#.#####)..... ,
, * #####.......).....#
* #..........)†......
**#.##.###.†.g).$.#####
* #.......g)v####.....*
..#####....@v# ####.#
...........g.# * *
#######......##.. ,
................,
#####......##...
######## ..$ ,.. * *#


You could see Robin (ally target), a hobgoblin (strong, combustible) and a
goblin (strong, ally target).

Vanquished Creatures
  An endoplasm (D:1)
  7 goblins (D:2)
  4 hobgoblins (D:2)
  6 jackals (D:1)
  A kobold (D:1)
  A bat (D:1)
20 creatures vanquished.

Vanquished Creatures (others)
  40 foxfires
40 creatures vanquished.

Grand Total: 60 creatures vanquished

Notes
Turn   | Place    | Note
-------+----------+-------------------------------------------
     0 | D:1      | hawla the Meteoran Fire Elementalist began the quest for
                  | the Orb.
     0 | D:1      | Reached XP level 1. HP: 14/14 MP: 5/5
    35 | D:2      | Reached skill level 4 in Fire Magic
    35 | D:2      | Reached XP level 2. HP: 20/20 MP: 4/6
    38 | D:2      | Learned a level 2 spell: Scorch
    38 | D:2      | Noticed Robin
    67 | D:1      | Reached XP level 3. HP: 15/26 MP: 1/8
   157 | D:2      | Slain by a goblin

Illustrated notes

Levels and vault maps discovered:
D:1:      lemuel_arrival_hallway, layout_rooms
D:2:      layout_basic, uniq_crazy_yiuf_cottage, uniq_sigmund, uniq_robin

Skill      XL: |  1  2 |
---------------+-------+-----
Fire Magic     | 4 |  4.7
Spellcasting   | 3 |  3.1
Dodging        | |  2.5
Stealth        | |  1.4
Conjurations   | |  1.3

Action                     || total
---------------------------++-------
  Melee: Whip              ||     4
   Cast: Foxfire           ||    24
         Scorch            ||     3
    Use: Potion            ||     1
 Armour: Robe              ||    10
  Dodge: Dodged            ||    12
